 Dungeon Crawl Stone Soup version 0.29.0-7-g18a832c13a (webtiles) character file.

Game seed: 8837216059755391125

1722985 Strat the Slayer (level 24, 238/242 HPs)
             Began as a Palentonga Venom Mage on Aug 31, 2022.
             Was the Champion of Trog.
             Escaped with the Orb
             ... and 3 runes!
             The game lasted 02:33:23 (61173 turns).

Strat the Slayer (Palentonga Venom Mage)           Turns: 61173, Time: 02:33:24

Health: 238/242    AC: 35    Str: 27    XL:     24   Next: 82%
Magic:  26/26      EV: 14    Int: 20    God:    Trog [******]
Gold:   4580       SH:  7    Dex: 12    Spells: 25/27 levels left

rFire   + + +      SeeInvis +   a - +10 executioner's axe of the Firefly {vorpal, rF+ Will++}
rCold   + + .      Faith    .   (shield currently unavailable)
rNeg    + . .      Spirit   .   o - +8 faerie dragon scales {Contam rElec rCorr Slay+4 Stlth+}
rPois   +          Reflect  +   y - -2 hat of the Alchemist {rElec rPois rF+ rC+ rN+ Will+ rMut rCorr}
rElec   +          Harm     .   v - +2 cloak "Issemoac" {Rampage rPois}
rCorr   +          Rampage  +   E - +2 pair of gloves
rMut    +                       C - +3 barding of Lacher {rElec rPois rC+ Int+4}
Will    +++++                   D - amulet "Urghuilomp" {Reflect Regen+ Str+5 SH+5}
Stlth   +.........              p - ring of willpower
HPRegen 1.30/turn               M - ring of the Octopus King {rF+ HP+2 AC+2 EV+2 SH+2}
MPRegen 0.20/turn

@: studying 2 skills
A: large, rugged brown scales 3, see invisible, deformed body, roll 1, armoured
tail, reflexive curl, hooves 1, clumsy 1, noise suppression
0: Orb of Zot
}: 3/15 runes: barnacled, silver, gossamer
a: Rolling Charge, Renounce Religion, Berserk, Trog's Hand, Brothers in Arms


You escaped.
You worshipped Trog.
Trog was exalted by your worship.
You visited 9 branches of the dungeon, and saw 45 of its levels.
You visited the Abyss 1 time.
You also visited: Trove.

You collected 8236 gold pieces.
You spent 3656 gold pieces at shops.

Inventory:

Hand Weapons
 a - the +10 executioner's axe of the Firefly (weapon) {vorpal, rF+ Will++}
   (You found it in a treasure trove)

   It inflicts extra damage upon your enemies.
   rF:        It protects you from fire.
   Will:      It greatly increases your willpower.
 b - a +9 antimagic battleaxe
 f - the +7 battleaxe "Embalmer" {flame, rC+ rN+}
   (Trog gifted it to you on level 14 of the Dungeon)

   It burns those it strikes, dealing additional fire damage.
   Big, fiery blades are also staple armaments of hydra-hunters.
   rC:        It protects you from cold.
   rN:        It protects you from negative energy.
Missiles
 i - 10 throwing nets
 m - 11 javelins
 u - 46 poisoned darts (quivered)
 V - a boomerang of dispersal
Armour
 o - the +8 faerie dragon scales (worn) {Contam rElec rCorr Slay+4 Stlth+}
   (You took it off the Enchantress on level 3 of the Depths)

   Slay:      It affects your accuracy & damage with ranged weapons and melee
   (+4).
   rElec:     It insulates you from electricity.
   Contam:    It causes magical contamination when unequipped.
   rCorr:     It protects you from acid and corrosion.
   Stlth:     It makes you more stealthy.
 v - the +2 cloak "Issemoac" (worn) {Rampage rPois}
   (You acquired it on level 7 of the Dungeon)

   rPois:     It protects you from poison.
   Rampage:   It bestows one free step when moving towards enemies.
 y - the -2 hat of the Alchemist (worn) {rElec rPois rF+ rC+ rN+ Will+ rMut rCorr}
   (You found it on level 1 of the Spider Nest)

   rF:        It protects you from fire.
   rC:        It protects you from cold.
   rElec:     It insulates you from electricity.
   rPois:     It protects you from poison.
   rN:        It protects you from negative energy.
   rCorr:     It protects you from acid and corrosion.
   rMut:      It protects you from mutation.
   Will:      It increases your willpower.
 C - the +3 barding of Lacher (worn) {rElec rPois rC+ Int+4}
   (You acquired it on level 4 of the Depths)

   Int:       It affects your intelligence (+4).
   rC:        It protects you from cold.
   rElec:     It insulates you from electricity.
   rPois:     It protects you from poison.
 E - a +2 pair of gloves (worn)
Jewellery
 p - a ring of willpower (left hand)
 w - a +4 ring of slaying
 D - the amulet "Urghuilomp" (around neck) {Reflect Regen+ Str+5 SH+5}
   (You acquired it on level 1 of the Spider Nest)

   [amulet of reflection]

   It reflects blocked missile attacks.
   Str:       It affects your strength (+5).
   Regen:     It increases your rate of health regeneration.
   SH:        It affects your SH (+5).
 G - a ring of flight
 L - a +4 ring of protection
 M - a ring of the Octopus King (right hand) {rF+ HP+2 AC+2 EV+2 SH+2}
   (You took it off a merfolk on level 4 of the Shoals)

   [ring of protection from fire]

   AC:        It affects your AC (+2).
   EV:        It affects your evasion (+2).
   rF:        It protects you from fire.
   HP:        It affects your health (+2).
   SH:        It affects your SH (+2).
 Q - the amulet of the Knaves {RegenMP rN+}
   (You found it in a treasure trove)

   [amulet of magic regeneration]

   It increases your rate of magic regeneration.
   rN:        It protects you from negative energy.
 T - the amulet of Elyvilon's Castigation {Spirit Int+3}
   (You found it in a treasure trove)

   [amulet of guardian spirit]

   It causes incoming damage to be divided between your reserves of health and
   magic.
   Int:       It affects your intelligence (+3).
 X - an amulet of faith
 Y - a +6 ring of intelligence
Wands
 g - a wand of mindburst (15)
 k - a wand of charming (43)
 q - a wand of light (18)
 t - a wand of iceblast (28)
 z - a wand of flame (70)
 P - a wand of digging (2)
 Z - a wand of polymorph (11)
Scrolls
 c - 8 scrolls of fog
 d - 5 scrolls of enchant weapon
 l - 3 scrolls of magic mapping
 r - a scroll of summoning
 x - 4 scrolls of blinking
 F - 13 scrolls of teleportation
 J - 6 scrolls of poison
 R - 3 scrolls of silence
Potions
 e - 6 potions of flight
 h - 4 potions of mutation
 j - 4 potions of berserk rage
 n - 5 potions of magic
 A - 8 potions of ambrosia
 I - 10 potions of might
 K - 14 potions of curing
 O - 4 potions of resistance
 U - 5 potions of invisibility
 W - 2 potions of cancellation
Miscellaneous
 s - a box of beasts
 H - a condenser vane
 N - a phantom mirror
 S - a phantom mirror


   Skills:
 + Level 26.9 Fighting
 - Level 24.0 Axes
 - Level 10.0 Throwing
 + Level 16.0 Armour
 + Level 12.8 Dodging
 - Level 1.2 Stealth
 - Level 2.0 Spellcasting
 - Level 1.0 Transmutations
 - Level 2.4 Poison Magic
 - Level 10.0 Evocations


You had 25 spell levels left.
You knew the following spells:

 Your Spells              Type           Power      Damage    Failure   Level
b - Poisonous Vapours     Pois/Air       12%        N/A       16%         2

Your spell library contained the following spells:

 Spells                   Type           Power      Damage    Failure   Level
 Sting                    Tmut/Pois      32%        1d4       9%          1
 Wereblood                Tmut           6%         N/A       17%         2
 Sublimation of Blood     Necr           2%         N/A       26%         2
 Ignite Poison            Fire/Tmut/Pois 6%         N/A       32%         3
 Mephitic Cloud           Conj/Pois/Air  5%         N/A       36%         3
 Conjure Flame            Conj/Fire      2%         6-21      45%         3
 Dazzling Flash           Conj/Hex       4%         N/A       45%         3
 Stone Arrow              Conj/Erth      4%         3d7       45%         3
 Olgreb's Toxic Radiance  Pois           11%        N/A       54%         4
 Petrify                  Tmut/Erth      4%         N/A       80%         4
 Animate Armour           Summ/Erth      4%         N/A       86%         4
 Sticky Flame             Conj/Fire      2%         2d3       86%         4
 Irradiate                Conj/Tmut      2%         3d12      98%         5
 Agony                    Necr           2%         N/A       99%         5
 Silence                  Hex/Air        1%         N/A       99%         5
 Summon Hydra             Summ           1%         N/A       100%        7
 Lehudib's Crystal Spear  Conj/Erth      1%         10d2      100%        8


Dungeon Overview and Level Annotations

Branches:
Dungeon (15/15)            Temple (1/1) D:7            Lair (5/5) D:11
 Shoals (4/4) Lair:3       Spider (4/4) Lair:3          Orc (2/2) D:12
    Elf (0/3) Orc:2        Vaults (5/5) D:13          Crypt (0/3) Vaults:3
 Depths (4/4) D:15            Zot (5/5) Depths:4
  Slime: Lair:4-5

Altars:
Ashenzari
Cheibriados
Dithmenos
Elyvilon
Fedhas
Gozag
Hepliaklqana
Kikubaaqudgha
Makhleb
Nemelex Xobeh
Okawaru
Qazlal
Ru
Sif Muna
Trog
Uskayaw
Vehumet
Wu Jian
Xom
Yredelemnul
Zin
The Shining One
Jiyva

Shops:
D:2 :   D:5 [?*!   D:6 =   D:8 ?!   Orc:2 (?[?   Shoals:4 *[   Vaults:3 ([[(
Vaults:5 !!   Depths:2 !=   Depths:3 =

Portals:
Hell: Depths:1 Depths:2 Depths:3 Depths:4
Abyss: Depths:3
Pandemonium: Depths:2
Ziggurat: Depths:1

Annotations:
D:2 1 runed translucent door, Crazy Yiuf
D:3 Ijyb
D:13 exclusion: statue
Lair:3 exclusion: oklob plant
Lair:4 exclusion: oklob plant
Lair:5 exclusion: obsidian statue
Vaults:3 3 runed translucent doors, dang3rdave's ghost, veteran DjCj
Vaults:4 2 transporters, Mennas
Depths:2 exclusion: obsidian statue


Innate Abilities, Weirdness & Mutations

You are completely covered in rugged brown scales. (AC +3, +7% HP)
You have supernaturally acute eyesight. (SInv)
Armour fits poorly on your strangely shaped body.
You can roll at nearby foes to attack.
You have a long armoured tail.
You curl defensively after being hit. (AC +7*)
You have large cloven feet.
You are clumsy. (Dex -2)
You passively dampen the noise of your surroundings.


Message History

The bolt of fire misses you.
You hit the rust devil. You kick the rust devil!
The rust devil is moderately wounded.
You slice the rust devil!!
You kill the rust devil!
Trog accepts your kill. The sixfirhy attacks as you move away!
The sixfirhy hits you but does no damage.
The sixfirhy barely misses you. You block the sixfirhy's attack.
The sixfirhy completely misses you. The sixfirhy closely misses you.
There is a staircase leading out of the dungeon here.
You completely miss Lulauju. Your kick misses Lulauju.
You closely miss the sixfirhy. The sixfirhy barely misses you.
The sixfirhy hits you but does no damage.
Lulauju hits you but does no damage.
You chop Lulauju into pieces!!! Your kick misses Lulauju.
Lulauju is heavily wounded.
You barely miss the sixfirhy. You open Lulauju like a pillowcase!!!
Your kick misses Lulauju.
Lulauju is severely wounded.
You miss the sixfirhy. Lulauju hits you.
You hit Lulauju. You kick Lulauju.
Lulauju is severely wounded.
You slice the sixfirhy!! Lulauju hits you but does no damage.
You chop Lulauju into pieces!!! Your kick misses Lulauju.
Lulauju is almost dead.
You slice the sixfirhy!!
You kill the sixfirhy!
Trog accepts your kill.
You completely miss Lulauju. You kick Lulauju, but do no damage.
You tail-slap Lulauju.
Lulauju is almost dead.
Lulauju hits you but does no damage.
You completely miss Lulauju. You tail-slap Lulauju.
You kill Lulauju!
Trog accepts your kill.
A chaos spawn comes into view.
The chaos spawn's pages rustle loudly.
There is a staircase leading out of the dungeon here.
You have escaped!

#...#.#.#.#.#.#.#.#...# #
####...............#### #
#..........#......# #
##.......#.......## #
#......#....#.....########
##...#...........##.......
#..#...#.#.#.#....#..####.
##...............###......
#...#..#.@4#..#...#.......
##.|.............##.....#.
#....#.#.#.#...#..#.......
##...........#...##.######
#.....#....#......#.#
##.......#.......####
#......#..........#
####...............####
#...#.#.#.#.#.#.#.#...#


You could see a chaos spawn.

Vanquished Creatures
  4 dread liches
  2 ancient liches (Zot:5)
  3 orbs of fire
  2 Killer Klowns (Zot:5)
  5 curse toes
  A bone dragon (Abyss:2)
  12 golden dragons
  A profane servitor (Zot:3)
  the Enchantress (Depths:3)
  Arachne (Spider:3)
  An electric golem (Zot:5)
  A pandemonium lord (D:1)
  16 tentacled monstrosities
  A hellephant (D:14)
  22 Orb Guardians
  Mlioglotl (Spider:2)
  A Hell Sentinel (D:14)
  3 liches
  10 quicksilver dragons
  3 titans
  7 sphinxes
  2 krakens (Shoals:4)
  12 shadow dragons
  An Executioner (Zot:1)
  5 death cobs
  12 storm dragons
  5 tengu reavers (Vaults:5)
  5 draconian monks
  Ilsuiw (Shoals:2)
  7 draconian knights
  9 fire giants
  8 frost giants
  A demonspawn warmonger (Depths:3)
  An iron dragon (Vaults:4)
  2 deep elf sorcerers
  12 ghost moths
  7 emperor scorpions
  14 vault wardens
  A cacodemon (Depths:2)
  4 orc warlords
  2 draconian stormcallers
  4 draconian shifters
  3 draconian annihilators
  21 ironbound preservers
  8 stone giants
  9 ironbound thunderhulks
  22 very ugly things
  11 war gargoyles
  A broodmother (Spider:3)
  3 reapers
  2 spriggan defenders (Depths:3)
  3 green draconians
  2 deep elf demonologists
  14 white draconians
  5 spark wasps
  10 black draconians
  18 dire elephants
  5 purple draconians
  11 yellow draconians
  A deep elf annihilator (Vaults:5)
  9 entropy weavers
  15 red draconians
  A blizzard demon (Depths:3)
  Snorg (D:10)
  12 ettins
  4 merfolk javelineers
  2 deep elf death magi
  7 merfolk impalers
  2 jiangshi (Depths:2)
  3 fire dragons
  4 deep elf high priests
  8 great orbs of eyes
  20 yaktaur captains
  A rakshasa (D:15)
  8 hydras
  31 vault guards
  7 boulder beetles
  5 peacekeepers
  11 ice dragons
  7 ironbound frosthearts
  An alligator snapping turtle (Shoals:4)
  A jorogumo (Spider:2)
  4 radroaches
  5 merfolk aquamancers
  2 ogre magi (Vaults:5)
  3 two-headed ogres
  An anaconda (shapeshifter) (D:13)
  2 death knights (D:14)
  7 centaur warriors
  4 merfolk avatars
  A dancing weapon (Vaults:4)
  A satyr (Shoals:2)
  A death scarab (Spider:4)
  4 tengu warriors
  A vampire mage (Depths:2)
  2 deep troll shamans (Depths:2)
  3 death yaks (Lair:5)
  An orc high priest (Orc:2)
  5 deep troll earth magi
  2 spriggan berserkers (Depths:4)
  2 thrashing horrors (Abyss:2)
  2 hell knights
  3 soul eaters (Depths:2)
  A fire crab (shapeshifter) (D:14)
  A wretched star (Abyss:2)
  9 pharaoh ants
  A spectral death yak (Lair:5)
  11 skeletal warriors
  2 iron trolls
  6 sun moths
  3 sixfirhies
  A spectral anaconda (Lair:5)
  A deep troll (shapeshifter) (D:13)
  A death drake (shapeshifter) (Vaults:5)
  5 steelbarb worms
  8 orb spiders
  14 sea snakes
  2 glowing orange brains
  67 deep trolls
  8 lindwurms
  16 wizards
  A tengu zombie (Vaults:5)
  A flayed ghost (Abyss:2)
  2 phantasmal warriors
  15 harpies
  13 ironbound convokers
  19 wolf spiders
  A deep elf pyromancer (D:15)
  6 necromancers
  7 orc knights
  10 manticores
  34 ugly things
  An oklob plant (D:11)
  4 orc sorcerers (Orc:2)
  A shadow dragon skeleton (Vaults:5)
  10 cyclopes
  A moth of wrath (shapeshifter) (Vaults:5)
  35 moths of wrath
  18 fauns
  2 worldbinders (Abyss:2)
  A sphinx skeleton (Vaults:3)
  A dire elephant zombie (Lair:5)
  2 tengu skeletons
  28 vault sentinels
  3 rust devils
  A water nymph (shapeshifter) (Vaults:5)
  7 merfolk sirens
  A centaur zombie (Abyss:2)
  6 torpor snails
  4 black mambas
  A frost giant skeleton (Vaults:5)
  A smoke demon (Abyss:2)
  A stone giant skeleton (Vaults:3)
  12 elephants
  13 cane toads
  2 ice statues (Depths:3)
  4 water nymphs
  An orange demon (Depths:2)
  An unseen horror (D:13)
  A yaktaur (shapeshifter) (D:13)
  Maggie (Lair:2)
  2 large abominations (Zot:1)
  An efreet (Zot:2)
  A gargoyle (D:12)
  2 hellions (Depths:2)
  6 komodo dragons
  10 demonic crawlers
  30 yaktaurs
  2 tengu conjurers (D:13)
  5 freezing wraiths
  A red devil (Depths:2)
  2 ice devils (D:11)
  2 polar bears (Lair:3)
  A meliai (Spider:4)
  33 merfolk
  A troll (shapeshifter) (D:13)
  8 trolls
  The ghost of greasedhog the Poker, an amateur MfFi (D:4)
  5 human skeletons (Vaults:3)
  2 hornets (Depths:4)
  5 wind drakes
  30 tarantellas
  7 dream sheep
  7 snapping turtles
  A spectral elephant (Lair:5)
  10 blink frogs
  2 snapping turtles (shapeshifter) (Vaults:5)
  44 slime creatures
  A dream sheep (shapeshifter) (D:14)
  33 jumping spiders
  A deep troll skeleton (Vaults:3)
  16 culicivoras
  A dire elephant simulacrum (Lair:5)
  A vampire (D:13)
  3 spriggans
  2 ynoxinuls (Depths:2)
  2 ettin skeletons
  31 water elementals
  17 fire elementals (Zot:2)
  A hog (shapeshifter) (D:13)
  A human (shapeshifter) (Vaults:5)
  5 steam dragons
  58 yaks
  2 basilisks
  2 wyverns
  Grum (D:9)
  A neqoxec (D:7)
  91 redbacks
  7 vampire mosquitoes (D:14)
  2 elf skeletons
  2 human simulacra (Vaults:5)
  3 acid dragons
  3 wargs
  10 water moccasins
  An ice beast (D:6)
  14 orc warriors
  3 sky beasts
  6 boggarts
  18 wolves
  2 elephant zombies (Lair:5)
  9 ogres
  15 centaurs
  2 elephant skeletons (Lair:5)
  2 kobold brigands
  12 bullfrogs
  A gnoll sergeant (D:7)
  2 scorpions
  A necrophage (D:8)
  3 cane toad simulacra (Lair:5)
  A small abomination (Abyss:2)
  An elephant simulacrum (Lair:5)
  7 electric eels
  11 howler monkeys
  2 hounds
  24 orc priests
  2 gnoll boudas
  2 jellies (D:6)
  An iguana (D:7)
  26 orc wizards
  20 gnolls
  2 adders
  2 shadow imps
  2 ufetubi
  2 dart slugs
  50 orcs
  7 endoplasms
  2 giant cockroaches
  7 goblins
  6 hobgoblins
  2 jackals (D:1)
  5 quokkas
  6 ball pythons
  6 bats
  4 frilled lizards
  17 kobolds
  4 rats
  3 tentacles (Shoals:4)
1841 creatures vanquished.

Vanquished Creatures (collateral kills)
  A spriggan defender (Depths:3)
  3 spriggan air magi (Depths:3)
  A spriggan (Depths:3)
  A scorpion (D:4)
6 creatures vanquished.

Vanquished Creatures (others)
  A dread lich (Zot:5)
  A deep elf knight (D:14)
  A deep troll (Vaults:3)
  A water nymph (Shoals:4)
  A fire elemental (Zot:2)
  A wolf (D:9)
  A gnoll bouda (D:6)
  A ball python (D:3)
  2 demonic plants (D:1)
  4 fungi
  69 plants
  17 tentacles (Shoals:4)
  18 withered plants (Lair:5)
118 creatures vanquished.

Grand Total: 1965 creatures vanquished

Notes
Turn   | Place    | Note
-------+----------+-------------------------------------------
     0 | D:1      | Strat the Palentonga Venom Mage began the quest for the
                  | Orb.
     0 | D:1      | Reached XP level 1. HP: 13/13 MP: 3/3
   136 | D:1      | Reached skill level 1 in Fighting
   236 | D:1      | Reached XP level 2. HP: 22/23 MP: 5/5
   438 | D:2      | Learned a level 2 spell: Poisonous Vapours
   445 | D:2      | Found Nyle's Book Shoppe.
   825 | D:2      | Reached skill level 2 in Fighting
  1211 | D:2      | Found a runed translucent door.
  1212 | D:2      | Noticed Crazy Yiuf
  1806 | D:2      | Reached XP level 3. HP: 27/29 MP: 3/6
  1988 | D:1      | Reached skill level 3 in Fighting
  2264 | D:1      | Found a faded altar of an unknown god.
  3031 | D:3      | Reached XP level 4. HP: 34/37 MP: 7/7
  3274 | D:3      | Noticed Ijyb
  3420 | D:3      | Reached skill level 1 in Axes
  3627 | D:4      | Noticed a scorpion
  3634 | D:4      | Killed a scorpion
  3635 | D:4      | Reached skill level 4 in Fighting
  3635 | D:4      | Reached XP level 5. HP: 44/44 MP: 8/8
  4053 | D:4      | Found a transporter.
  4074 | D:4      | Found a transporter.
  4074 | D:4      | Noticed greasedhog's ghost (amateur MfFi)
  4336 | D:5      | Entered Level 5 of the Dungeon
  4339 | D:5      | Reached XP level 6. HP: 4/51 MP: 7/9
  5481 | D:5      | Found Fuipuo's Assorted Antiques.
  5482 | D:5      | Found Tisimnir's Distillery.
  5483 | D:5      | Found Ludduso's Magic Scroll Boutique.
  5484 | D:5      | Found Biuwk's Armour Boutique.
  5502 | D:5      | Bought a +1 cloak for 172 gold pieces
  5676 | D:5      | Identified a scroll of acquirement
  5676 | D:5      | Acquired 796 gold pieces
  5855 | D:5      | Noticed a water moccasin
  5900 | D:5      | Killed a water moccasin
  5901 | D:5      | Reached skill level 5 in Axes
  6161 | D:6      | Noticed an ice beast
  6166 | D:5      | Gained mutation: Your magical capacity is low. (-10% MP)
                  | [potion of mutation]
  6166 | D:5      | HP: 1/51 [poisoned by a scorpion]
  6541 | D:5      | Gained mutation: You curl defensively after being hit. (AC
                  | +7*) [Palentonga growth]
  6541 | D:5      | Reached XP level 7. HP: 38/57 MP: 9/9
  6965 | D:6      | Found Ymmuc's Jewellery Boutique.
  7028 | D:5      | Bought a +0 pair of gloves for 67 gold pieces
  7094 | D:6      | Bought a +4 ring of protection for 468 gold pieces
  7094 | D:6      | Bought a ring of poison resistance for 260 gold pieces
  7385 | D:6      | Reached skill level 5 in Fighting
  7764 | D:7      | Found a staircase to the Ecumenical Temple.
  7773 | Temple   | Entered the Ecumenical Temple
  7818 | Temple   | Became a worshipper of Trog the Wrathful
  7948 | D:7      | Acquired the +2 cloak "Issemoac" {Rampage rPois}
  7997 | D:7      | Reached XP level 8. HP: 67/67 MP: 9/9
  8135 | D:7      | Found a blossoming altar of Fedhas.
  8135 | D:7      | Found a sparkling altar of Nemelex Xobeh.
  8136 | D:7      | Found an ornate altar of the Wu Jian Council.
  8314 | D:6      | Reached skill level 6 in Fighting
  8929 | D:7      | Reached skill level 7 in Fighting
  9187 | D:7      | Found a glowing golden altar of the Shining One.
  9187 | D:7      | Found a snail-covered altar of Cheibriados.
  9494 | D:8      | Reached * piety under Trog
  9813 | D:8      | Reached XP level 9. HP: 47/78 MP: 10/10
  9970 | D:8      | Found Napnoaha's Magic Scroll Boutique.
 10038 | D:8      | Reached skill level 8 in Fighting
 10230 | D:8      | Found Gaqu's Distillery.
 10274 | D:8      | Noticed an eight-headed hydra
 10274 | D:8      | Noticed a cyclops
 10274 | D:8      | Noticed a deep elf pyromancer
 10275 | D:8      | Noticed a cyclops
 10276 | D:8      | Noticed a gargoyle
 10276 | D:8      | Noticed a troll
 10276 | D:8      | Noticed a centaur warrior
 10349 | D:8      | Noticed a troll
 10431 | D:8      | Found an ancient bone altar of Kikubaaqudgha.
 10661 | D:9      | Noticed a two-headed ogre
 10661 | D:9      | Noticed a troll
 10682 | D:9      | Killed a troll
 10687 | D:9      | Killed a two-headed ogre
 10688 | D:9      | Reached skill level 9 in Fighting
 10688 | D:9      | Reached skill level 10 in Axes
 10696 | D:9      | Reached skill level 10 in Fighting
 11046 | D:9      | Reached skill level 1 in Armour
 11185 | D:9      | Identified the +6 battleaxe "Hacoxtodug" {drain, rC+}
 11213 | D:9      | Reached XP level 10. HP: 59/90 MP: 11/11
 11421 | D:9      | Noticed Grum
 11447 | D:9      | Killed Grum
 11663 | D:9      | Acquired the +2 barding of Disaster {rElec}
 11715 | D:9      | Found a burning altar of Makhleb.
 11924 | D:10     | Entered Level 10 of the Dungeon
 11963 | D:10     | Identified the ring "Eskeogh" {rPois Str+6 Int+2 SInv
                  | Stlth+}
 12199 | D:10     | Found a hide-covered altar of Uskayaw.
 12523 | D:10     | Noticed Snorg
 12546 | D:10     | Killed Snorg
 12646 | D:10     | Found an opulent altar of Gozag.
 12646 | D:10     | Found a hazy altar of Hepliaklqana.
 12819 | D:11     | Noticed a six-headed hydra
 12915 | D:11     | Reached skill level 5 in Armour
 12944 | D:11     | Noticed a cyclops
 12970 | D:11     | Killed a cyclops
 13135 | D:11     | Reached XP level 11. HP: 89/96 MP: 12/12
 13197 | D:11     | Found a staircase to the Lair.
 13197 | D:11     | Noticed an oklob plant
 13199 | D:11     | Reached ** piety under Trog
 13376 | D:11     | Found a frozen archway.
 13745 | D:11     | Noticed a boulder beetle
 13763 | D:11     | Killed a boulder beetle
 13939 | D:12     | Noticed a two-headed ogre
 13941 | D:12     | Killed a two-headed ogre
 13986 | D:12     | Noticed a two-headed ogre
 14002 | D:12     | Killed a two-headed ogre
 14259 | D:12     | Found a staircase to the Orcish Mines.
 14558 | D:12     | Identified the +5 ring mail "Zoeres" {rC- Will++}
 14559 | D:12     | Noticed a boulder beetle
 14592 | D:12     | Killed a boulder beetle
 15002 | Orc:1    | Entered Level 1 of the Orcish Mines
 15030 | Orc:2    | Entered Level 2 of the Orcish Mines
 15038 | Orc:2    | Found a staircase to the Elven Halls.
 15663 | Orc:2    | Reached *** piety under Trog
 15700 | Orc:2    | Noticed an orc sorcerer
 15715 | Orc:2    | Killed an orc sorcerer
 15716 | Orc:2    | Reached XP level 12. HP: 78/103 MP: 13/13
 15911 | Orc:2    | Noticed an orc high priest
 16313 | Orc:2    | Killed an orc high priest
 16395 | Orc:2    | Reached **** piety under Trog
 16577 | Abyss:2  | Cast into level 2 of the Abyss (orc warrior)
 16603 | Abyss:2  | Noticed a starcursed mass
 16654 | Abyss:2  | Found an opulent altar of Gozag.
 16720 | Abyss:2  | Noticed a bone dragon
 16747 | Abyss:2  | Killed a bone dragon
 16755 | Abyss:2  | Noticed a starcursed mass
 16837 | Abyss:2  | Reached skill level 15 in Axes
 16844 | Abyss:2  | Reached skill level 10 in Armour
 16930 | Orc:2    | Escaped the Abyss
 17130 | Orc:2    | Found Upex's Antique Armour Boutique.
 17130 | Orc:2    | Found Osimenka's Weapon Shop.
 17131 | Orc:2    | Found Uriruab's Magic Scroll Shop.
 17135 | Orc:2    | Found Malohucw's Magic Scroll Boutique.
 17139 | Orc:2    | Bought a scroll of enchant weapon for 75 gold pieces
 17142 | Orc:2    | Bought a pair of embroidered gloves for 255 gold pieces
 17155 | Orc:2    | Bought a scroll of blinking for 120 gold pieces
 17155 | Orc:2    | Bought a scroll of enchant weapon for 120 gold pieces
 17155 | Orc:2    | Bought a scroll of teleportation for 48 gold pieces
 17156 | Orc:2    | Bought a scroll of teleportation for 30 gold pieces
 17156 | Orc:2    | Bought a scroll of teleportation for 30 gold pieces
 17431 | Lair:1   | Entered Level 1 of the Lair of Beasts
 17575 | Lair:1   | Noticed a seven-headed hydra
 17601 | Lair:1   | Reached XP level 13. HP: 89/110 MP: 14/14
 17880 | Lair:2   | Identified the +9 great sword of Conscience {holy, *Slow
                  | rElec rF++ Str+3}
 17921 | Lair:2   | Found a stormy altar of Qazlal.
 18013 | Lair:2   | Reached ***** piety under Trog
 18073 | Lair:2   | Noticed Maggie
 18100 | Lair:2   | Killed Maggie
 19025 | Lair:3   | Found a hole to the Spider Nest.
 19634 | Lair:3   | Found a staircase to the Shoals.
 20176 | Lair:4   | Identified the +10 dire flail of Wu Jian's Pride {protect,
                  | rF+ rN+ rCorr}
 20536 | Lair:4   | Found a viscous altar of Jiyva.
 21014 | Lair:5   | Entered Level 5 of the Lair of Beasts
 21064 | Lair:5   | Reached XP level 14. HP: 117/117 MP: 15/15
 21381 | Lair:5   | Identified the +14 scimitar "Naggow" {antimagic, Stlth+}
                  | (Trog gifted it to you on level 5 of the Lair of Beasts)
 21381 | Lair:5   | Received a gift from Trog
 22262 | Lair:5   | Reached skill level 1 in Evocations
 22983 | D:13     | Found a gate to the Vaults.
 23032 | D:13     | Reached skill level 11 in Fighting
 23222 | D:13     | Found a radiant altar of Vehumet.
 23759 | D:14     | Identified the +7 battleaxe "Embalmer" {flame, rC+ rN+}
                  | (Trog gifted it to you on level 14 of the Dungeon)
 23759 | D:14     | Received a gift from Trog
 23842 | D:14     | Reached skill level 5 in Evocations
 24188 | D:14     | Reached skill level 12 in Fighting
 24194 | D:14     | Reached XP level 15. HP: 60/128 MP: 16/16
 24874 | D:15     | Entered Level 15 of the Dungeon
 24892 | D:15     | Reached ****** piety under Trog
 25033 | D:15     | Found a portal to a secret trove of treasure.
 25181 | D:15     | Found a staircase to the Depths.
 25738 | D:15     | Reached skill level 13 in Fighting
 26363 | D:4      | Killed greasedhog's ghost
 26608 | Spider:1 | Entered Level 1 of the Spider Nest
 26846 | Spider:1 | Found the -2 hat of the Alchemist {rElec rPois rF+ rC+ rN+
                  | Will+ rMut rCorr}
 27399 | Spider:1 | Acquired the amulet "Urghuilomp" {Reflect Regen+ Str+5
                  | SH+5}
 27843 | Spider:1 | Received a gift from Trog
 27966 | Spider:2 | Reached skill level 14 in Fighting
 28170 | Spider:2 | Paralysed by a jorogumo for 1 turns
 28280 | Spider:2 | Noticed Mlioglotl
 28287 | Spider:2 | Killed Mlioglotl
 28526 | Spider:2 | Reached XP level 16. HP: 99/143 MP: 17/17
 29069 | Spider:3 | Reached skill level 10 in Evocations
 29178 | Spider:3 | Reached skill level 15 in Fighting
 29184 | Spider:3 | Received a gift from Trog
 29761 | Spider:3 | Noticed Arachne
 29786 | Spider:3 | Killed Arachne
 30038 | Spider:3 | Received a gift from Trog
 30086 | Spider:4 | Entered Level 4 of the Spider Nest
 30097 | Spider:4 | Reached skill level 5 in Dodging
 30211 | Spider:4 | Reached skill level 16 in Fighting
 31035 | Spider:4 | Reached XP level 17. HP: 140/156 MP: 0/18
 31268 | Spider:4 | Received a gift from Trog
 31356 | Spider:4 | Got a gossamer rune of Zot
 31642 | Shoals:1 | Entered Level 1 of the Shoals
 31646 | Shoals:1 | Identified the +1 plate armour of the Kraken {rElec}
 31680 | Shoals:1 | Reached skill level 17 in Fighting
 31749 | Shoals:1 | Identified the +5 rapier "Zynguygesm" {pain, rF+ Int+4}
 32530 | Shoals:2 | Noticed Ilsuiw
 32540 | Shoals:2 | Killed Ilsuiw
 32579 | Shoals:2 | Received a gift from Trog
 33319 | Shoals:3 | Reached skill level 18 in Fighting
 33866 | Shoals:4 | Entered Level 4 of the Shoals
 33890 | Shoals:4 | Received a gift from Trog
 34371 | Shoals:4 | Found Sashecyg's Antique Armour Shop.
 34654 | Shoals:4 | Found Viyt's CLEARANCE SALE!.
 34667 | Shoals:4 | Noticed a kraken
 34683 | Shoals:4 | Found the ring of the Octopus King {rF+ HP+2 AC+2 EV+2
                  | SH+2}
 34700 | Shoals:4 | Reached skill level 10 in Dodging
 34700 | Shoals:4 | Reached XP level 18. HP: 95/169 MP: 18/18
 34837 | Shoals:4 | Reached skill level 1 in Throwing
 34905 | Shoals:4 | Identified the +8 hand axe "Uryrr" {venom, Fly rPois rC-}
 35008 | Shoals:4 | Got a barnacled rune of Zot
 35288 | Vaults:1 | Entered Level 1 of the Vaults
 35536 | D:13     | Received a gift from Trog
 35539 | D:13     | Reached skill level 19 in Fighting
 36281 | Vaults:1 | Reached skill level 5 in Throwing
 37270 | Vaults:2 | Reached skill level 20 in Fighting
 37274 | Vaults:2 | Received a gift from Trog
 37310 | Vaults:2 | Paralysed by a great orb of eyes for 3 turns
 37374 | Vaults:2 | Reached XP level 19. HP: 119/180 MP: 19/19
 37643 | Vaults:2 | Received a gift from Trog
 38419 | Vaults:2 | Reached skill level 10 in Throwing
 38683 | Vaults:2 | Received a gift from Trog
 38989 | Vaults:3 | Found Obueh's Weapon Emporium.
 39251 | Vaults:3 | Found Apla Uff's Antique Armour Boutique.
 39259 | Vaults:3 | Bought a pair of masterwork gloves for 323 gold pieces
 39259 | Vaults:3 | Identified the +0 pair of gloves "Koco Yco" {Harm Will+
                  | Regen+} (You bought it in a shop on level 3 of the Vaults)
 39791 | Vaults:3 | Found Lepratur's Antique Armour Shop.
 39852 | Vaults:3 | Found a runed translucent gate.
 39852 | Vaults:3 | Found a runed translucent gate.
 39854 | Vaults:3 | Found a runed translucent gate.
 39857 | Vaults:3 | Noticed dang3rdave's ghost (veteran DjCj)
 39884 | Vaults:3 | Reached XP level 20. HP: 188/190 MP: 20/20
 39997 | Vaults:3 | Identified the +7 war axe of Untimely Demise {antimagic,
                  | rCorr Int-4 Dex+4} (Trog gifted it to you on level 3 of the
                  | Vaults)
 39997 | Vaults:3 | Received a gift from Trog
 40079 | Vaults:3 | Found a staircase to the Crypt.
 40148 | Vaults:3 | Reached skill level 21 in Fighting
 40195 | Vaults:3 | Found Veoqobet's Antique Weapon Shop.
 40841 | Orc:2    | Bought a scroll of brand weapon for 95 gold pieces
 40841 | Orc:2    | Bought a scroll of brand weapon for 95 gold pieces
 41037 | D:5      | Bought a scroll of enchant armour for 187 gold pieces
 41037 | D:5      | Bought a scroll of brand weapon for 237 gold pieces
 41606 | Vaults:4 | Found a transporter.
 41649 | Vaults:4 | Noticed a golden dragon
 41667 | Vaults:4 | Found a transporter.
 41733 | Vaults:4 | Received a gift from Trog
 42241 | Vaults:4 | Paralysed by a great orb of eyes for 2 turns
 42289 | Vaults:4 | Received a gift from Trog
 42806 | Depths:1 | Entered Level 1 of the Depths
 43020 | Depths:1 | Reached skill level 22 in Fighting
 43094 | Depths:1 | Found a gateway to Hell.
 43364 | Depths:1 | Found a stormy altar of Qazlal.
 43438 | Depths:1 | Found a glowing silver altar of Zin.
 43572 | Depths:1 | Found a one-way gateway to a ziggurat.
 43661 | Depths:2 | Identified the +1 chain mail "Unuid" {Stlth+}
 43900 | Depths:2 | Found Ashreil's Jewellery Shoppe.
 43907 | Depths:2 | Found Kiotoett's Distillery.
 43913 | Depths:2 | Bought a potion of haste for 150 gold pieces
 43930 | Depths:2 | Reached XP level 21. HP: 186/203 MP: 21/21
 44167 | Depths:2 | Received a gift from Trog
 44519 | Depths:2 | Gained mutation: You occasionally lose the ability to drink
                  | potions when taking damage. [a cacodemon]
 44690 | Depths:2 | Found a one-way gate leading to the halls of Pandemonium.
 45474 | D:8      | Bought 2 potions of mutation for 160 gold pieces
 45474 | D:8      | Bought a potion of heal wounds for 50 gold pieces
 45474 | D:8      | Lost mutation: You occasionally lose the ability to drink
                  | potions when taking damage. [potion of mutation]
 45474 | D:8      | Lost mutation: Your magical capacity is low. (-10% MP)
                  | [potion of mutation]
 45474 | D:8      | Gained mutation: You passively dampen the noise of your
                  | surroundings. [potion of mutation]
 45474 | D:8      | Gained mutation: You have large cloven feet. [potion of
                  | mutation]
 45474 | D:8      | Gained mutation: You are clumsy. (Dex -2) [potion of
                  | mutation]
 45705 | Depths:3 | Found Diroab's Jewellery Boutique.
 45807 | Depths:3 | Noticed the Enchantress
 45838 | Depths:3 | Killed the Enchantress
 46179 | Depths:3 | Found a one-way gate to the infinite horrors of the Abyss.
 46329 | Depths:3 | Reached skill level 23 in Fighting
 46386 | Depths:3 | Received a gift from Trog
 46858 | Depths:3 | Noticed a dread lich
 46875 | Depths:3 | Killed a dread lich
 46957 | Depths:3 | Identified the ring of the Howling Pariah {MP+9 EV+4 Str+3
                  | Int+3}
 47182 | Depths:4 | Entered Level 4 of the Depths
 47517 | Depths:4 | Noticed a golden dragon
 47543 | Depths:4 | Killed a golden dragon
 47602 | Depths:4 | Noticed a golden dragon
 47640 | Depths:4 | Killed a golden dragon
 47705 | Depths:4 | Found a gate to the Realm of Zot.
 47706 | Depths:4 | Noticed a golden dragon
 47714 | Depths:4 | Killed a golden dragon
 47716 | Depths:4 | Reached skill level 24 in Fighting
 48066 | Depths:4 | Received a gift from Trog
 48667 | Vaults:5 | Entered Level 5 of the Vaults
 48782 | Vaults:5 | Noticed Mennas
 49286 | Vaults:4 | Reached XP level 22. HP: 195/218 MP: 25/25
 49317 | Vaults:4 | Reached skill level 25 in Fighting
 49867 | Vaults:5 | Received a gift from Trog
 50679 | Vaults:5 | Identified the +0 pair of gloves "Mukosmeo" {Int+3}
 50775 | Vaults:5 | Noticed a golden dragon
 50788 | Vaults:5 | Noticed a golden dragon
 50796 | Vaults:5 | Killed a golden dragon
 50797 | Vaults:5 | Received a gift from Trog
 50805 | Vaults:5 | Killed a golden dragon
 50838 | Vaults:5 | Found Nutsegutz's Distillery.
 50845 | Vaults:5 | Bought a potion of heal wounds for 70 gold pieces
 50845 | Vaults:5 | Bought a potion of invisibility for 112 gold pieces
 50845 | Vaults:5 | Bought a potion of invisibility for 112 gold pieces
 50845 | Vaults:5 | Bought a potion of might for 56 gold pieces
 50916 | Vaults:5 | Found Cazxiruk's Distillery.
 50921 | Vaults:5 | Bought a potion of haste for 140 gold pieces
 50921 | Vaults:5 | Bought a potion of invisibility for 112 gold pieces
 50921 | Vaults:5 | Bought a potion of invisibility for 112 gold pieces
 51228 | Vaults:5 | Identified the +9 short sword of the Tent {drain, rC+ Str+2
                  | Dex-3}
 51229 | Vaults:5 | Identified the +0 war axe "Hellblazer" {vamp, Str+4}
 51239 | Vaults:5 | Got a silver rune of Zot
 52316 | Zot:1    | Entered Level 1 of the Realm of Zot
 52323 | Depths:4 | Acquired 272 gold pieces
 52325 | Depths:4 | Acquired the +3 barding of Lacher {rElec rPois rC+ Int+4}
 52339 | Depths:4 | Acquired 1094 gold pieces
 52898 | Zot:1    | Noticed a curse toe
 52917 | Zot:1    | Killed a curse toe
 53488 | D:15     | You paid a toll of +4 storm dragon scales to enter a
                  | treasure trove
 53489 | Trove    | Entered a treasure trove
 53509 | Trove    | Identified the +10 executioner's axe of the Firefly
                  | {vorpal, rF+ Will++}
 53528 | Trove    | Identified the amulet of the Knaves {RegenMP rN+}
 53530 | Trove    | Identified the amulet of Elyvilon's Castigation {Spirit
                  | Int+3}
 53534 | Trove    | Identified the amulet "Jeeg" {Acrobat *Corrode Str+4 Dex+6}
 53861 | Zot:2    | Noticed a golden dragon
 53861 | Zot:2    | Noticed a golden dragon
 53909 | Zot:2    | Noticed a golden dragon
 53941 | Zot:2    | Received a gift from Trog
 53982 | Zot:2    | Reached XP level 23. HP: 113/227 MP: 26/26
 54288 | Zot:2    | Noticed a curse toe
 54300 | Zot:2    | Killed a curse toe
 54950 | Zot:2    | Noticed a curse toe
 54965 | Zot:2    | Killed a curse toe
 55524 | Zot:3    | Received a gift from Trog
 55736 | Zot:3    | Noticed an orb of fire
 55753 | Zot:3    | Killed an orb of fire
 56259 | Zot:3    | Found a shimmering blue altar of Sif Muna.
 56487 | Zot:3    | Found a hazy altar of Hepliaklqana.
 56825 | Zot:3    | Noticed a curse toe
 56841 | Zot:3    | Killed a curse toe
 57232 | Zot:4    | Noticed a curse toe
 57246 | Zot:4    | Killed a curse toe
 57818 | Zot:4    | Reached skill level 26 in Fighting
 58354 | Zot:4    | Reached XP level 24. HP: 208/232 MP: 26/26
 58705 | Zot:5    | Entered Level 5 of the Realm of Zot
 58905 | Zot:5    | Received a gift from Trog
 58952 | Zot:5    | Reached skill level 15 in Armour
 59086 | Zot:5    | Noticed an ancient lich
 59096 | Zot:5    | Killed an ancient lich
 59191 | Zot:5    | Noticed a dread lich
 59212 | Zot:5    | Killed a dread lich
 59461 | Zot:5    | Noticed an orb of fire
 59461 | Zot:5    | Noticed an orb of fire
 59492 | Zot:5    | Noticed a dread lich
 59554 | Zot:5    | Noticed a Killer Klown
 59555 | Zot:5    | Killed a dread lich
 59626 | Zot:5    | Killed a Killer Klown
 59720 | Zot:5    | Noticed a Killer Klown
 59733 | Zot:5    | Killed a Killer Klown
 59766 | Zot:5    | Killed an orb of fire
 59840 | Zot:5    | Killed an orb of fire
 59881 | Zot:5    | Noticed a dread lich
 59926 | Zot:5    | Noticed a dread lich
 59938 | Zot:5    | Killed a dread lich
 59943 | Zot:5    | Killed a dread lich
 59997 | Zot:5    | Noticed an ancient lich
 60071 | Zot:5    | Killed an ancient lich
 60477 | Zot:5    | Got the Orb of Zot
 60609 | Zot:1    | Received a gift from Trog
 61151 | D:1      | Noticed Lulauju the pandemonium lord
 61169 | D:1      | Killed Lulauju the pandemonium lord
 61173 | D:$      | Escaped with the Orb!

Illustrated notes

Levels and vault maps discovered:
D:1:      co_arrival_square_in_a_square_in_a_square, layout_rooms,
          dreamdust_ecumenical_altar_sealed_demon
D:2:      layout_basic, serial_shops, nicolae_shop_behind_doors,
          uniq_crazy_yiuf_cottage
D:3:      layout_rooms, amcnicky_mini_corridor_feature, lemuel_old_faithful,
          uniq_ijyb
D:4:      layout_loops_ring, gammafunk_ghost_arena
D:5:      layout_loops_ring, minmay_shop_grid_forest
D:6:      layout_rooms, serial_shops, shop_fountains
D:7:      layout_rooms, mainiacjoe_overflow_divided_tiny,
          chequers_temple_overflow_statue_of_worship, minmay_temple_entry_arrows
D:8:      layout_basic, kennysheep_mini_moat, serial_shops,
          nicolae_take_the_stairs, nicolae_square_shop,
          chequers_serial_rivers_small_a, minmay_misc_feat_hallway, minivault_12
D:9:      layout_roguey, lightli_temple_of_fire, uniq_grum
D:10:     layout_roguey, gammafunk_temple_overflow_statue,
          nicolae_uskayaw_suspiria, chequers_mini_garden, uniq_snorg
D:11:     layout_irregular_city, dpeg_oklobed_lair,
          portal_ice_cave_demonic_guard
D:12:     layout_stronghold, orc_0_dummy
D:13:     minmay_bloctagon_deflated, layout_stronghold, david_vaults_2,
          vehumet_statue
D:14:     minmay_ambush_box, layout_basic, nicolae_elevator_lobby_plus
D:15:     hangedman_depths_entry_civil_slaughter, layout_stronghold,
          nicolae_trove_entry_crossroad, lemuel_flamethrower_3
Temple:   minmay_temple_bridge_abc
Lair:1:   layout_misc_corridors
Lair:2:   layout_gridlike, basic_altar, grunt_megastairs_1, uniq_maggie
Lair:3:   minmay_lair_oklob_chamber, layout_gridlike, minmay_shoals_entry_hut,
          spider_nest_entry_webs, beast_lair_carwin_3, serial_bayou_shore_b,
          infiniplex_staircase_pool_2, lemuel_fruit_tree, serial_bayou_shore_b
Lair:4:   layout_cave_pods, minmay_slime_entry_oklob_enclosed,
          grunt_megastairs_2
Lair:5:   due_jungle_book, layout_loops_ring, serial_bayou_shore_b
Shoals:1: layout_shoals, nicolae_shoals_circle_sea_wall,
          nicolae_shoals_wave_tunnel
Shoals:2: layout_shoals, uniq_ilsuiw
Shoals:3: layout_shoals
Shoals:4: shoals_end_hangedman, layout_shoals, serial_shops,
          nicolae_shop_crystal, nicolae_shop_clearance
Spider:1: layout_cave_pods, worms_lemuel
Spider:2: layout_spider_delve, nicolae_spider_baby_got_redback, uniq_mlioglotl
Spider:3: layout_spider_delve, nicolae_arachne_temple
Spider:4: grunt_spider_rune_island
Orc:1:    layout_caves, nicolae_orc_lava_room
Orc:2:    st_orc_mages, layout_diamond_mine
Vaults:1: vaults_standard_mumra_lines, ontoclasm_vaults_ring_small,
          nicolae_vaults_network_square, ontoclasm_vaults_pinch,
          nicolae_vaults_network_star, nicolae_vaults_alarming, v_misc_29,
          grunt_vaults_hallway_short, vaults_room_fours,
          dpeg_vaults_hating_casters, nicolae_vaults_little_squares_5,
          layout_vaults_quadrants
Vaults:2: ontoclasm_vaults_ring_small, v_alt_pattern_1, vaults_mumra_lcd,
          nicolae_vaults_disjoint_gnomons, vaults_room_boxed,
          ontoclasm_vaults_decontamination, v_alt_pattern_2, dpeg_vaults_waves,
          nicolae_vaults_bisected_slash, vaults_room_ringed_pool,
          nicolae_vaults_big_ls, dpeg_vaults_monster_box,
          vaults_dpeg_emergency_exit, layout_vaults_maze_snakey
Vaults:3: gammafunk_ghost_necromancy, nicolae_vaults_network_quincunx
          [nicolae_vaults_network_quincunx_subvault,
          nicolae_vaults_network_quincunx_subvault,
          nicolae_vaults_network_quincunx_subvault,
          nicolae_vaults_network_quincunx_subvault,
          nicolae_vaults_network_quincunx_subvault], ontoclasm_vaults_chip,
          grunt_vaults_hallway_long, nicolae_vaults_what_the_h,
          hangedman_vaults_corner_blocks, grunt_vaults_diagonal, v_pattern_4,
          nicolae_vaults_sealed_display, v_misc_12, nicolae_vaults_little_ls,
          layout_vaults_big_cross, minmay_crypt_entry_skeletal_spiral,
          serial_shops, shop_statue, shop, nicolae_shop_bloodbath_and_beyond,
          shop
Vaults:4: nicolae_vaults_little_squares_4, gammafunk_the_bubble
          [the_bubble_gammafunk_crates], v_alt_pattern_4,
          hangedman_vaults_snaps, ontoclasm_vaults_chip,
          nicolae_vaults_big_angled_halls, v_misc_33, v_misc_4,
          vaults_room_fours, ontoclasm_vaults_chip, layout_vaults_omnibox
Vaults:5: serial_shops, uniq_mennas
Depths:1: layout_cave_pools, enter_ziggurat_a, nicolae_qazlal_general_emergency,
          hell_entry, minmay_stone_trees_small, columned_hall_lemuel,
          zin_treasury, serial_bayou_shore_b
Depths:2: minmay_angry_zag, layout_gridlike, grunt_hell_entry_demonic_statue,
          rand_demon_pan_entry_4, chequers_big_river, serial_bayou_shore_b,
          minmay_shoptagon
Depths:3: cheibrodos_cascadia, layout_long_grid, serial_shops,
          nicolae_shop_statue_plus, abyss_entry_glasseish, grunt_decor_clamped,
          hell_entry, uniq_enchantress
Depths:4: evilmike_zot_entry_diamond, layout_gridlike, hell_entry,
          hangedman_decor_peaks_small
Zot:1:    layout_concentric_octagons
Zot:2:    lemuel_firehouse, layout_onion_interference, evilmike_ambush
          [evilmike_ambush_outer_corners, evilmike_ambush_inner_basic]
Zot:3:    layout_cathedral_of_symmetry, st_stairs_5, hangedman_feature_mirror,
          grunt_megastairs_4
Zot:4:    layout_gridlike, st_single_dragon_hoard_1
Zot:5:    layout_onion

Skill      XL: |  1  2  3  4  5  6  7  8  9 10 11 12 13 14 15 16 17 18 19 20 21 22 23 24 |
---------------+-------------------------------------------------------------------------+-----
Fighting       | 1 2 3 4 5 7 10 12 14 16 18 20 22 24 25 26 | 26.9
Axes           | 2 4 5 7 8 10 12 13 15 18 20 22 24 | 24.0
Armour         | 1 5 8 10 11 13 14 16 | 16.0
Evocations     | 5 9 10 | 10.0
Dodging        | 6 10 11 12 | 12.8
Throwing       | 7 10 | 10.0
Stealth        | |  1.2
Spellcasting   | |  2.0
Transmutations | |  1.0
Poison Magic   | |  2.4

Action                   |  1- 3 |  4- 6 |  7- 9 | 10-12 | 13-15 | 16-18 | 19-21 | 22-24 || total
-------------------------+-------+-------+-------+-------+-------+-------+-------+-------++-------
Melee: Short sword       |     7 |       |       |       |       |       |       |       ||     7
       Tailslap          |    10 |    13 |    34 |    98 |   188 |   258 |   360 |   305 ||  1266
       Hand axe          |    76 |    76 |       |       |       |       |       |       ||   152
       Punch             |       |     1 |       |       |       |       |       |       ||     1
       Battleaxe         |       |    27 |   257 |   511 |  1099 |  1437 |  1580 |   558 ||  5469
       War axe           |       |       |       |       |    34 |       |       |       ||    34
       Kick              |       |       |       |       |       |       |   162 |   620 ||   782
       Executioner's axe |       |       |       |       |       |       |       |   724 ||   724
 Cast: Sting             |    34 |    17 |       |       |       |       |       |       ||    51
Invok: Berserk           |       |       |     1 |     6 |     4 |     3 |       |     3 ||    17
       Trog's Hand       |       |       |       |       |       |       |     1 |     3 ||     4
       Brothers in Arms  |       |       |       |       |       |       |     1 |       ||     1
Evoke: Wand              |       |     2 |     3 |     5 |     4 |       |       |     5 ||    19
  Use: Potion            |     2 |     6 |     1 |     5 |     1 |     5 |    11 |     6 ||    37
       Scroll            |       |    14 |     4 |    10 |     8 |     4 |     8 |    17 ||    65
 Stab: Sleeping          |     2 |     2 |       |     4 |     4 |     1 |     1 |     3 ||    17
       Invisible         |       |       |       |     2 |       |     6 |       |       ||     8
       Distracted        |       |       |       |     1 |     2 |     2 |     2 |     3 ||    10
Armor: Robe              |    35 |    38 |    94 |       |       |       |       |       ||   167
       Ring mail         |       |       |    32 |    31 |       |       |       |       ||    63
       Steam dragon scal |       |       |    46 |     7 |       |       |       |       ||    53
       Troll leather arm |       |       |       |   338 |   840 |  1099 |   629 |       ||  2906
       Acid dragon scale |       |       |       |     2 |       |       |   140 |   730 ||   872
Dodge: Dodged            |    53 |    84 |   203 |   240 |   430 |   586 |   600 |   464 ||  2660
Block: Other             |       |       |       |       |    29 |   273 |   364 |   263 ||   929
       Reflection        |       |       |       |       |       |     7 |    18 |     8 ||    33
